AoeStats
← Botner

Arena

504821745Analyzed
3v3 RM · 25d ago on Sep 6, 2026· 41m 45s· 6 players
Game mode
Random Map
Map size
Normal (6 player)
Population
200
Speed
Normal
Resources
Standard
Victory
Conquest
Starting age
Dark Age
Ending age
Imperial Age
RankedLock teamsTeams togetherTeam positionsShared explorationLock speedFull tech treeHidden civsTurbo modeCheats
Victory
Defeat
🇦🇷 Lithuanians · Argentina
1243
+14
🇦🇷 Turks · Argentina
1194
+16
🇦🇷 Teutons · Argentina
1184
+15
🇩🇪 Jurchens · Germany
1210
-16
🇩🇪 Inca · Germany
1195
-15
🇩🇪 Burgundians · Germany
1171
-14
Jochen Schwitzer
10:44 Feudal Age
10:27 Loom
13:08 Double-Bit Axe
17:59 Castle Age
16:42 Gold Mining
16:38 Horse Collar
18:22 Stone Mining
19:11 Bow Saw
20:17 Scale Mail Armor
24:54 Forging
30:02 Squires
36:12 Forging
37:42 Heavy Plow
38:36 Town Watch
39:26 Wheelbarrow
39:12 Gambesons
39:58 Chain Mail Armor
40:19 Iron Casting
41:44 Gold Shaft Mining
41:37 Arson
Botner
11:28 Feudal Age
15:49 Castle Age
13:52 Double-Bit Axe
14:28 Horse Collar
15:24 Heavy Plow
15:51 Bow Saw
21:34 Fletching
21:46 Padded Archer Armor
22:47 Elite Skirmisher
36:59 Ballistics
Gumpert
10:08 Feudal Age
14:21 Castle Age
12:54 Double-Bit Axe
13:00 Horse Collar
23:39 Gold Mining
24:09 Bow Saw
25:33 Pikeman
26:56 Heavy Plow
27:30 Stone Mining
28:35 Elite Skirmisher
29:21 Thumb Ring
29:30 Padded Archer Armor
29:20 Fletching
29:32 Scale Mail Armor
29:43 Forging
30:38 Loom
33:33 Imperial Age
32:13 Ballistics
32:47 Bodkin Arrow
33:28 Iron Casting
33:08 Chain Mail Armor
33:46 Champi Runner
34:27 Squires
35:10 Andean Sling
35:09 Champi Warrior
38:23 Wheelbarrow
37:34 Town Watch
ojoaltejo
12:00 Feudal Age
16:08 Castle Age
20:19 Imperial Age
17:46 Double-Bit Axe
19:21 Loom
20:27 Wheelbarrow
30:22 Horse Collar
35:20 Heavy Plow
40:47 Crossbowman
41:58 Town Watch
42:29 Hand Cart
enzopasq13
10:00 Feudal Age
14:09 Castle Age
13:17 Horse Collar
13:30 Double-Bit Axe
14:53 Loom
21:50 Bloodlines
22:22 Scale Barding Armor
22:29 Forging
24:54 Heavy Plow
25:15 Bow Saw
25:41 Wheelbarrow
27:32 Iron Casting
34:18 Imperial Age
32:07 Hand Cart
31:39 Town Watch
32:29 Gold Mining
32:33 Stone Mining
33:11 Scale Mail Armor
33:34 Chain Barding Armor
34:09 Fletching
34:29 Husbandry
34:27 Cavalier
35:45 Plate Barding Armor
35:55 Conscription
36:12 Paladin
41:35 Stone Shaft Mining
ojoalcasla
6:29 Loom
9:16 Feudal Age
10:24 Double-Bit Axe
15:49 Fletching
20:11 Horse Collar
25:11 Castle Age
26:05 Bloodlines
26:08 Forging
26:04 Scale Barding Armor
26:33 Heavy Plow
34:17 Gold Mining
34:36 Town Watch
37:29 Imperial Age
36:49 Padded Archer Armor
39:35 Chemistry
38:01 Elite Teutonic Knight
39:02 Conscription
38:50 Scale Mail Armor
Connection lost

Rejoining the realm…

Still unreachable

The connection could not be restored.

Session expired

The server has moved on; the page needs a fresh start.